 Dungeon Crawl Stone Soup version 0.19.5 (webtiles) character file.

136 McKennaii the Slasher (level 4, 0/40 HPs)
             Began as a Draconian Berserker on Apr 29, 2017.
             Was a Believer of Trog.
             Succumbed to an adder's poison
             ... on level 3 of the Dungeon.
             The game lasted 00:02:18 (1586 turns).

McKennaii the Slasher (Draconian Berserker)         Turns: 1586, Time: 00:02:18

Health: 0/40       AC:  5    Str: 19    XL:     4   Next: 98%
Magic:  4/4        EV: 12    Int:  7    God:    Trog [**....]
Gold:   128        SH:  3    Dex: 12    Spells: 0 memorised, 3 levels left

rFire  . . .     SeeInvis .     a - +0 falchion
rCold  . . .     Gourm    .     (armour unavailable)
rNeg   . . .     Faith    .     k - +0 buckler
rPois  .         Spirit   .     (helmet restricted)
rElec  .         Reflect  .     (no cloak)
rCorr  .         Harm     .     (no gloves)
MR     .....                    (no boots)
Stlth  ++........               (no amulet)
                                (no ring)
                                (no ring)

@: lethally poisoned (0 -> -4), exhausted, slowed, very slow
A: unfitting armour, cold-blooded, AC +5
a: Berserk, Trog's Hand, Burn Spellbooks, Renounce Religion


You were on level 3 of the Dungeon.
You worshipped Trog.
Trog was pleased with you.
You were very hungry.

You visited 1 branch of the dungeon, and saw 3 of its levels.

You collected 128 gold pieces.

Inventory:

Hand Weapons
 a - a +0 falchion (weapon)
Armour
 k - a +0 buckler (worn)
Scrolls
 d - 2 scrolls of identify {unknown}
 g - 3 scrolls of remove curse {unknown}
 i - 3 scrolls of amnesia {unknown}
 n - a scroll of fog {unknown}
 o - a scroll of teleportation {unknown}
Potions
 e - a potion of cancellation {unknown}
 h - a potion of curing {unknown}
 j - 2 potions of lignification {unknown}
Comestibles
 b - 2 bread rations
 c - 5 meat rations
 f - a beef jerky
 l - a royal jelly
 m - 5 fruits


   Skills:
 + Level 4.0 Fighting
 + Level 4.1 Long Blades
 + Level 3.6 Dodging
 + Level 1.3 Stealth
 + Level 0.4 Shields


You had 3 spell levels left.
You didn't know any spells.

Dungeon Overview and Level Annotations

Branches:
Dungeon (3/15)

Altars:
Fedhas


Innate Abilities, Weirdness & Mutations

Your plain brown scales are hard. (AC +5)
You cannot fit into any form of body armour.
You are cold-blooded and may be slowed by cold attacks.


Message History

You barely miss the adder.
The adder is heavily wounded.
You miss the adder.
The adder is heavily wounded.
* * * LOW HITPOINT WARNING * * *
You feel sick. The adder closely misses you.
You riposte.
You miss the adder.
Your tail-slap misses the adder.
The adder is heavily wounded.
The adder bites you but does no damage.
You barely miss the adder. You tail-slap the adder.
The adder is almost dead.
The adder bites you.
* * * LOW HITPOINT WARNING * * *
You are more poisoned.
The adder poisons you! The adder barely misses you.
You hit the adder.
You kill the adder!
Trog accepts your kill.
Your Fighting skill increases to level 4!
You die...

#...####....#
#....##.....#
#....##.....# #
#..######..###.#
###..######..#.#.#####
###.............).......
#.....#.......##((......
#....###.......))#..####
#.....#....@#.##.# .#
######...#####..##.##.#
S.
#....+...#####.........
..
####...........†##.##.#.
..
#....##.....###.##.##.#
#
##...##.....>..........
#..(##....#.##.##.##.##
#..####...#.##.# #
#.........#.##.##.##.##


There were no monsters in sight!

Vanquished Creatures
  An orc priest (D:3)
  4 adders
  An ooze (D:1)
  3 worms (D:2)
  4 dart slugs
  5 leopard geckos
  3 orcs (D:3)
  4 bats
  A giant cockroach (D:1)
  4 goblins
  3 hobgoblins
  3 jackals (D:1)
  4 kobolds
  3 rats (D:1)
43 creatures vanquished.

Notes
Turn   | Place    | Note
-------+----------+-------------------------------------------
     0 | D:1      | McKennaii the Draconian Berserker began the quest for the Orb.
     0 | D:1      | Reached XP level 1. HP: 19/19 MP: 1/1
   236 | D:1      | Reached XP level 2. HP: 25/26 MP: 2/2
   546 | D:1      | Reached XP level 3. HP: 25/31 MP: 3/3
   627 | D:2      | Found a blossoming altar of Fedhas.
   691 | D:2      | Reached ** piety under Trog
  1243 | D:2      | Reached XP level 4. HP: 28/40 MP: 4/4
  1332 | D:3      | Reached skill level 1 in Stealth
  1583 | D:3      | HP: 2/40 [poisoned by an adder]
  1586 | D:3      | Succumbed to an adder's poison

Skill      XL: |  1  2  3  4 |
---------------+-------------+-----
Dodging        | 3 |  3.6
Stealth        | 1 |  1.3
Long Blades    | 4 |  4.1
Fighting       | 4 |  4.0
Shields        | |  0.4

Action                   |  1- 3 |  4- 6 || total
-------------------------+-------+-------++-------
Melee: Falchion          |   113 |    41 ||   154
       Tailslap          |    22 |     5 ||    27
Invok: Berserk           |       |     1 ||     1
 Stab: Sleeping          |     2 |     1 ||     3
  Eat: Chunk             |       |     2 ||     2
Armor: Skin              |    31 |    10 ||    41
Dodge: Dodged            |    64 |    43 ||   107
Block: Buckler           |     6 |     7 ||    13
       Rpst.: Falchion   |    19 |    11 ||    30
